PAA
MERCER ISLAND SCREAMING EAGLES @ PHOENIX HOTSPUR YOUTH
06/05/2032
 
TOP OF THE 1ST
Mercer Island Screaming Eagles batting - Pitching for Phoenix Hotspur Youth : LHP Ismael Lara
Pitching: LHP Ismael Lara
Batting: RHB Alfredo García 0-0: Foul Ball, location: 2F
0-1: Ball
1-1: Called Strike
1-2: Foul Ball, location: 2F
1-2: Fly out, F9 (Flyball, 9LM)
Batting: RHB António Ramírez 0-0: Ball
1-0: SINGLE (Line Drive, 7S)
Batting: SHB Serious Lee 0-0: SINGLE (Line Drive, 56)
António Ramírez to second
Batting: RHB Juan Reyes 0-0: Swinging Strike
0-1: Grounds into double play, 6-4-3 (Groundball, 6)
Top of the 1st over - 0 runs, 2 hits, 0 errors, 1 left on base; Mercer Island 0 - Phoenix Hotspur 0
BOTTOM OF THE 1ST
Phoenix Hotspur Youth batting - Pitching for Mercer Island Screaming Eagles : RHP Satoshi Ono
Pitching: RHP Satoshi Ono
Batting: SHB Roldan Martir 0-0: Called Strike
0-1: Ball
1-1: Ball
2-1: Fly out, F8 (Flyball, 8RD)
Batting: LHB Mare Riseley 0-0: Ball
1-0: Foul Ball, location: 2F
1-1: Ball
2-1: Called Strike
2-2: Strikes out swinging
Batting: RHB James Turner 0-0: Called Strike
0-1: Ball
1-1: Ball
2-1: Foul Ball, location: 2F
2-2: Ball
3-2: Fly out, F8 (Flyball, 8RS)
Bottom of the 1st over - 0 runs, 0 hits, 0 errors, 0 left on base; Mercer Island 0 - Phoenix Hotspur 0
TOP OF THE 2ND
Mercer Island Screaming Eagles batting - Pitching for Phoenix Hotspur Youth : LHP Ismael Lara
Batting: RHB Bart Goodine 0-0: Ball
1-0: Called Strike
1-1: Ball
2-1: Called Strike
2-2: DOUBLE (Flyball, 78D)
Batting: RHB Yu-shu Kang 0-0: Called Strike
0-1: Called Strike
0-2: SINGLE (Groundball, 6MD)
Bart Goodine to third
Runner from 3rd tries for Home, SAFE, no throw
Batting: RHB Dennis Wacher 0-0: Fly out, F8 (Flyball, 8LD)
Runner from 1st tags up, SAFE at 2nd
Batting: LHB Ramiro Ramos 0-0: Called Strike
0-1: SINGLE (Groundball, 3D)
Yu-shu Kang to third
Runner from 3rd tries for Home, SAFE, no throw
Batting: RHB Charlie Rhodes 0-0: Ball
1-0: Ball
2-0: Called Strike
2-1: Ball
3-1: Base on Balls
Ramiro Ramos to second
Batting: RHB Alfredo García 0-0: Ball
1-0: Ball
2-0: Ball
3-0: Base on Balls
Ramiro Ramos to third
Charlie Rhodes to second
Batting: RHB António Ramírez 0-0: Ball
1-0: Ball
2-0: Ball
3-0: Called Strike
3-1: Base on Balls
Ramiro Ramos scores
Charlie Rhodes to third
Alfredo García to second
Batting: RHB Oliver Burrell 0-0: Foul Ball, location: 2F
0-1: Ball
1-1: Ball
2-1: Foul Ball, location: 2F
2-2: Strikes out looking
Batting: RHB Juan Reyes 0-0: Ball
1-0: Ball
2-0: Called Strike
2-1: Ball
3-1: Foul Ball, location: 2F
3-2: Foul Ball, location: 2F
3-2: Base on Balls
Charlie Rhodes scores
Alfredo García to third
António Ramírez to second
Batting: RHB Bart Goodine 0-0: Swinging Strike
0-1: Ball
1-1: Ball
2-1: Ball
3-1: Swinging Strike
3-2: Ground out 4-3 (Groundball, 4)
Top of the 2nd over - 4 runs, 3 hits, 0 errors, 3 left on base; Mercer Island 4 - Phoenix Hotspur 0
BOTTOM OF THE 2ND
Phoenix Hotspur Youth batting - Pitching for Mercer Island Screaming Eagles : RHP Satoshi Ono
Now in LF: Oliver Burrell
Batting: LHB António Escalante 0-0: Ball
1-0: Called Strike
1-1: Foul Ball, location: 2F
1-2: Fly out, F9 (Flyball, 9)
Batting: RHB José Souza 0-0: Ball
1-0: Called Strike
1-1: Ball
2-1: Foul Ball, location: 2F
2-2: SINGLE (Groundball, 34S) (infield hit)
Batting: LHB Tyler Kinjeketile 0-0: Called Strike
0-1: Grounds into double play, 6-4-3 (Groundball, 6)
Bottom of the 2nd over - 0 runs, 1 hit, 0 errors, 0 left on base; Mercer Island 4 - Phoenix Hotspur 0
TOP OF THE 3RD
Mercer Island Screaming Eagles batting - Pitching for Phoenix Hotspur Youth : LHP Ismael Lara
Batting: RHB Yu-shu Kang 0-0: Ball
1-0: Called Strike
1-1: Fly out, F8 (Flyball, 8RD)
Batting: RHB Dennis Wacher 0-0: Called Strike
0-1: Ball
1-1: Ground out 6-3 (Groundball, 6)
Batting: LHB Ramiro Ramos 0-0: Called Strike
0-1: Called Strike
0-2: Ball
1-2: Ball
2-2: Strikes out swinging
Top of the 3rd over - 0 runs, 0 hits, 0 errors, 0 left on base; Mercer Island 4 - Phoenix Hotspur 0
BOTTOM OF THE 3RD
Phoenix Hotspur Youth batting - Pitching for Mercer Island Screaming Eagles : RHP Satoshi Ono
Batting: LHB Damian Alldred 0-0: Ball
1-0: Swinging Strike
1-1: Fly out, F6 (Flyball, 56D)
Batting: RHB Carl Tucker 0-0: Called Strike
0-1: Fly out, F3 (Popup, 34)
Batting: RHB Bill Poole 0-0: Foul Ball, location: 2F
0-1: Foul Ball, location: 2F
0-2: Foul Ball, location: 2F
0-2: Fly out, F7 (Flyball, 7S)
Bottom of the 3rd over - 0 runs, 0 hits, 0 errors, 0 left on base; Mercer Island 4 - Phoenix Hotspur 0
TOP OF THE 4TH
Mercer Island Screaming Eagles batting - Pitching for Phoenix Hotspur Youth : LHP Ismael Lara
Batting: RHB Charlie Rhodes 0-0: Swinging Strike
0-1: Ball
1-1: Ball
2-1: SINGLE (Groundball, 4D)
Batting: RHB Alfredo García 0-0: Swinging Strike
0-1: SINGLE (Line Drive, 7LM)
Charlie Rhodes to second
Batting: RHB António Ramírez 0-0: Foul Ball, location: 2F
0-1: Ball
1-1: Ball
2-1: Fly out, F8 (Flyball, 8RS)
Batting: RHB Oliver Burrell 0-0: Swinging Strike
0-1: Foul Ball, location: 2F
0-2: Ball
1-2: Strikes out looking
Batting: RHB Juan Reyes 0-0: Foul Ball, location: 2F
0-1: Fly out, F7 (Flyball, 7LS)
Top of the 4th over - 0 runs, 2 hits, 0 errors, 2 left on base; Mercer Island 4 - Phoenix Hotspur 0
BOTTOM OF THE 4TH
Phoenix Hotspur Youth batting - Pitching for Mercer Island Screaming Eagles : RHP Satoshi Ono
Batting: SHB Roldan Martir 0-0: Called Strike
0-1: Foul Ball, location: 2F
0-2: Strikes out swinging, 2-3 out at first.
Batting: LHB Mare Riseley 0-0: Ball
1-0: Foul Ball, location: 2F
1-1: Fly out, F9 (Flyball, 9LS)
Batting: RHB James Turner 0-0: Foul Ball, location: 2F
0-1: Swinging Strike
0-2: SINGLE (Groundball, 34D)
Batting: LHB António Escalante 0-0: Ball
1-0: Ball
2-0: Foul Ball, location: 2F
2-1: Called Strike
2-2: Foul Ball, location: 2F
2-2: Ground out 1-3 (Groundball, 13S)
Bottom of the 4th over - 0 runs, 1 hit, 0 errors, 1 left on base; Mercer Island 4 - Phoenix Hotspur 0
TOP OF THE 5TH
Mercer Island Screaming Eagles batting - Pitching for Phoenix Hotspur Youth : LHP Ismael Lara
Batting: RHB Bart Goodine 0-0: Called Strike
0-1: Foul Ball, location: 2F
0-2: Ball
1-2: Ground out 6-3 (Groundball, 6S)
Batting: RHB Yu-shu Kang 0-0: Reached on error, E5 (Groundball, 56S)
Batting: RHB Dennis Wacher 0-0: Called Strike
0-1: Ball
1-1: Fly out, F8 (Flyball, 8LD)
Batting: LHB Ramiro Ramos 0-0: Called Strike
0-1: Ball
1-1: Fielders Choice at 2nd, 5-4 (Groundball, 5)
Top of the 5th over - 0 runs, 0 hits, 1 error, 1 left on base; Mercer Island 4 - Phoenix Hotspur 0
BOTTOM OF THE 5TH
Phoenix Hotspur Youth batting - Pitching for Mercer Island Screaming Eagles : RHP Satoshi Ono
Batting: RHB José Souza 0-0: Called Strike
0-1: Ball
1-1: Swinging Strike
1-2: Ball
2-2: Strikes out swinging
Batting: LHB Tyler Kinjeketile 0-0: Foul Ball, location: 2F
0-1: Foul Ball, location: 2F
0-2: Foul Ball, location: 2F
0-2: Ground out U3 (Groundball, 34)
Batting: LHB Damian Alldred 0-0: Fly out, F2 (Popup, 2L)
Bottom of the 5th over - 0 runs, 0 hits, 0 errors, 0 left on base; Mercer Island 4 - Phoenix Hotspur 0
TOP OF THE 6TH
Mercer Island Screaming Eagles batting - Pitching for Phoenix Hotspur Youth : LHP Ismael Lara
Batting: RHB Charlie Rhodes 0-0: Ball
1-0: Ball
2-0: Foul Ball, location: 2F
2-1: Foul Ball, location: 2F
2-2: Strikes out swinging
Batting: RHB Alfredo García 0-0: Foul Ball, location: 2F
0-1: Ball
1-1: Swinging Strike
1-2: Ball
2-2: Ball
3-2: SINGLE (Groundball, 56) (infield hit)
Batting: RHB António Ramírez 0-0: Called Strike
0-1: Ball
1-1: Foul Ball, location: 2F
1-2: Ball
2-2: Strikes out looking
Batting: RHB Oliver Burrell 0-0: Ball
1-0: Fly out, F8 (Flyball, 8LXD)
Top of the 6th over - 0 runs, 1 hit, 0 errors, 1 left on base; Mercer Island 4 - Phoenix Hotspur 0
BOTTOM OF THE 6TH
Phoenix Hotspur Youth batting - Pitching for Mercer Island Screaming Eagles : RHP Satoshi Ono
Batting: RHB Carl Tucker 0-0: Ball
1-0: Ground out 5-3 (Groundball, 5S)
Batting: RHB Bill Poole 0-0: Ball
1-0: Ball
2-0: Fly out, F9 (Flyball, 89M)
Batting: SHB Roldan Martir 0-0: Ball
1-0: Called Strike
1-1: SINGLE (Line Drive, 56D)
Batting: LHB Mare Riseley 0-0: Called Strike
0-1: Foul Ball, location: 2F
0-2: Reached on error, E6 (Groundball, 6S)
Roldan Martir to third
Batting: RHB James Turner 0-0: Called Strike
0-1: Foul Ball, location: 2F
0-2: Ball
1-2: Strikes out swinging
Bottom of the 6th over - 0 runs, 1 hit, 1 error, 2 left on base; Mercer Island 4 - Phoenix Hotspur 0
TOP OF THE 7TH
Mercer Island Screaming Eagles batting - Pitching for Phoenix Hotspur Youth : LHP Ismael Lara
Batting: RHB Juan Reyes 0-0: Called Strike
0-1: DOUBLE (Line Drive, 78XD)
Pitching: RHP Ken Morrison
Batting: RHB Bart Goodine 0-0: Called Strike
0-1: Foul Ball, location: 2F
0-2: Ground out 5-3 (Groundball, 56)
Batting: RHB Yu-shu Kang 0-0: Called Strike
0-1: Ball
1-1: Swinging Strike
1-2: Ball
2-2: Strikes out swinging
Batting: RHB Dennis Wacher 0-0: Fly out, F9 (Flyball, 9LM)
Top of the 7th over - 0 runs, 1 hit, 0 errors, 1 left on base; Mercer Island 4 - Phoenix Hotspur 0
BOTTOM OF THE 7TH
Phoenix Hotspur Youth batting - Pitching for Mercer Island Screaming Eagles : RHP Satoshi Ono
Batting: LHB António Escalante 0-0: Ball
1-0: Called Strike
1-1: Fly out, F8 (Flyball, 8RXD)
Batting: RHB José Souza 0-0: Ball
1-0: Called Strike
1-1: Ball
2-1: Ball
3-1: Base on Balls
Batting: LHB Tyler Kinjeketile 0-0: Ball
1-0: Ball
2-0: Foul Ball, location: 2F
2-1: Foul Ball, location: 2F
2-2: Foul Ball, location: 2F
2-2: Strikes out looking
Batting: LHB Damian Alldred 0-0: Ball
1-0: Fielders Choice at 2nd, 6-4 (Groundball, 6)
Bottom of the 7th over - 0 runs, 0 hits, 0 errors, 1 left on base; Mercer Island 4 - Phoenix Hotspur 0
TOP OF THE 8TH
Mercer Island Screaming Eagles batting - Pitching for Phoenix Hotspur Youth : RHP Ken Morrison
Batting: LHB Ramiro Ramos 0-0: Foul Ball, location: 2F
0-1: Ball
1-1: Called Strike
1-2: Ground out 5-3 (Groundball, 56S)
Batting: RHB Charlie Rhodes 0-0: Ball
1-0: Called Strike
1-1: Ball
2-1: Ball
3-1: Foul Ball, location: 2F
3-2: Foul Ball, location: 2F
3-2: SINGLE (Line Drive, 6MD)
Batting: RHB Alfredo García 0-0: Foul Ball, location: 2F
0-1: Foul Ball, location: 2F
0-2: Strikes out swinging
Batting: RHB António Ramírez 0-0: Ball
1-0: Ball
2-0: Fly out, F9 (Flyball, 9D)
Top of the 8th over - 0 runs, 1 hit, 0 errors, 1 left on base; Mercer Island 4 - Phoenix Hotspur 0
BOTTOM OF THE 8TH
Phoenix Hotspur Youth batting - Pitching for Mercer Island Screaming Eagles : RHP Satoshi Ono
Batting: RHB Carl Tucker 0-0: Called Strike
0-1: Ball
1-1: Ball
2-1: Foul Ball, location: 2F
2-2: Foul Ball, location: 2F
2-2: Ground out 5-3 (Groundball, 5)
Batting: RHB Bill Poole 0-0: Called Strike
0-1: Ball
1-1: SINGLE (Groundball, 56D)
Batting: SHB Roldan Martir 0-0: Fly out, F6 (Line Drive, 6)
Batting: LHB Mare Riseley 0-0: Ball
1-0: Called Strike
1-1: Ball
2-1: Called Strike
2-2: Fly out, F8 (Flyball, 8LM)
Bottom of the 8th over - 0 runs, 1 hit, 0 errors, 1 left on base; Mercer Island 4 - Phoenix Hotspur 0
TOP OF THE 9TH
Mercer Island Screaming Eagles batting - Pitching for Phoenix Hotspur Youth : RHP Ken Morrison
Pitching: RHP Abdel Alamini
Batting: RHB Oliver Burrell 0-0: Called Strike
0-1: Ball
1-1: Foul Ball, location: 2F
1-2: Ball
2-2: Foul Ball, location: 2F
2-2: Ball
3-2: Foul Ball, location: 2F
3-2: Base on Balls
Batting: RHB Juan Reyes 0-0: Swinging Strike
0-1: Called Strike
0-2: Foul Ball, location: 2F
0-2: Ball
1-2: Grounds into double play, 5-4-3 (Groundball, 56)
Batting: RHB Bart Goodine 0-0: Called Strike
0-1: Ball
1-1: Foul Ball, location: 2F
1-2: Ball
2-2: Foul Ball, location: 2F
2-2: Strikes out looking
Top of the 9th over - 0 runs, 0 hits, 0 errors, 0 left on base; Mercer Island 4 - Phoenix Hotspur 0
BOTTOM OF THE 9TH
Phoenix Hotspur Youth batting - Pitching for Mercer Island Screaming Eagles : RHP Satoshi Ono
Batting: RHB James Turner 0-0: Ground out 6-3 (Groundball, 6S)
Batting: LHB António Escalante 0-0: Called Strike
0-1: Foul Ball, location: 2F
0-2: Ground out 4-3 (Groundball, 4S)
Batting: RHB José Souza 0-0: Foul Ball, location: 2F
0-1: Ball
1-1: Ball
2-1: Foul Ball, location: 2F
2-2: Ground out 3-1 (Groundball, 34)
Bottom of the 9th over - 0 runs, 0 hits, 0 errors, 0 left on base; Mercer Island 4 - Phoenix Hotspur 0
Wednesday, September 19th, 2018 - OOTP Baseball 18.8 Build 76